Fragmites, neutral male gnomish Wizard --------------------------------- #####................................| --------- | ---- -----.----|--..-----..| ## +.......| | |.-..|..|..| |..|####### |......<| |@_ |.|(.|..|..| |..|# #####........| |...-@--------.| |..|# # |.......| |.. |a.. |.--+--..|#########........| - - ..h.| |........|##### |.......| -+--.- -..-----.|## --------- . .....+ |.-# ---....| |.|` ----.- -.| +. ..| |.. ..| -.. {.| .. ..| ---- ---- Fragmites the Wizard Experience level: 5 Strength: 9 Dexterity: 11 Constitution: 12 Intelligence: 20 Wisdom: 15 Charisma: 9 Health: 0(42) Energy: 76(77) Def: 1 Gold: 204 Moves: 1635 Dungeon seed [set]: Game ID: Fragmites_1701730250 Your Inventory: Coins $ - 204 gold pieces Weapons a - a blessed +1 quarterstaff (alternate weapon; not wielded) f - an uncursed +2 aklys (weapon in hand) h - 10 blessed +1 darts o - an uncursed +0 elven dagger B - an uncursed +0 orcish dagger C - an uncursed +0 silver saber Armor e - an uncursed +0 cloak of magic resistance (being worn) z - a blessed +2 pair of elven boots Comestibles i - an uncursed eucalyptus leaf j - 3 uncursed lichen corpses k - 4 uncursed food rations E - an uncursed fortune cookie Scrolls g - an uncursed scroll of stinking cloud p - an uncursed scroll of enchant armor s - a cursed scroll of enchant armor u - a cursed scroll of create monster F - 2 uncursed scrolls of blank paper Spellbooks x - an uncursed spellbook of cure sickness Potions w - an uncursed potion of sleeping A - a cursed potion of healing Rings l - a cursed ring of see invisible Wands d - an uncursed wand of nothing (0:8) Tools r - an uncursed brass lantern (0:713) t - an uncursed mirror D - an uncursed tin opener Gems n - 2 uncursed worthless pieces of yellowish brown glass q - 2 uncursed worthless pieces of white glass y - 4 uncursed flints N - 2 uncursed worthless pieces of green glass Spells and supernatural/magical abilities: Name Level Category Fail Memory a - force bolt 1 attack 0% 92% E - detect food 2 divination 39% 92% W - pray for help -- divine ? -- Your skills at the end: Miscellaneous Skills wands [Basic] Weapon Skills quarterstaff [Basic] crossbow [Basic] Spellcasting Skills attack spells [Basic] enchantment spells [Basic] Final Attributes: You were devoutly aligned. You were magic-protected. You were telepathic. You had infravision. You were stealthy. You are dead. Vanquished creatures: a large mimic a soldier ant a baby crocodile a paper golem a giant ant 2 floating eyes a kitten an iguana an orc zombie 4 coyotes 3 hobbits an acid blob 2 geckos 3 cave spiders a yellow mold 2 red molds 5 manes a jackal a fox 3 kobolds 2 newts a goblin 2 sewer rats 3 grid bugs 6 lichens 50 creatures vanquished. Voluntary challenges: You did not adorn yourself with jewelry or accessories. You did not cause conflict. You were not invisible. You did not have reflection. You were not displaced. You were an atheist. You used a wielded weapon 36 times, starting on turn 1. You did not apply a unicorn horn. You did not use plumbed fixtures. You did not drink any magical draughts. You were illiterate. You never genocided any monsters. You never polymorphed an object. You never changed form. You used no wishes. You did not use any artifacts. You never split a pudding. You never wrote Elbereth's name. You never violated your personal moral code. Dungeon overview: The Dungeons of Doom: levels 1 to 2 Level 1 a vault a long staircase Level 2 a scroll shop, a fountain stairs to The Gnomish Mines The Gnomish Mines: levels 3 to 6 Level 3 stairs to The Dungeons of Doom Level 4 Level 5 Level 6 <- You were here a temple to Ptah, a magic chest, a fountain History has recorded: On T:1 you entered the Dungeons of Doom to retrieve the Amulet of Yendor! On T:345 you reached level 2 of The Dungeons of Doom. On T:363 you advanced to experience level 2. On T:636 you advanced to experience level 3. On T:754 you advanced to experience level 4. On T:788 you reached level 1 of The Gnomish Mines. On T:1176 you reached level 2 of The Gnomish Mines. On T:1317 you reached level 3 of The Gnomish Mines. On T:1522 you advanced to experience level 5. On T:1530 you reached level 4 of The Gnomish Mines. Score breakdown: Gold: 204 ( 20 points) Experience: 5 levels ( 400 points) Exploration: 6 levels ( 150 points) Discoveries: 19 items ( 950 points) Variety of kills: 25 monsters ( 1250 points) Major goal: (nothing yet) ( 0 points) Survival: died (score multiplied by 3) Total score: 8310 Latest messages: The giant ant bites! The spell misses the giant ant. The giant ant bites! (5x) You hear the splashing of a naiad. The spell misses the giant ant. The giant ant bites! (2x) The spell hits the giant ant! You kill the giant ant! The door opens. The door resists! The spell hits the soldier ant! You kill the soldier ant! The door resists! The door opens. The fire ant bites! (4x) You're on fire! You die... Final status: Goodbye Fragmites the Wizard, killed by a fire ant... You died in The Gnomish Mines on dungeon level 6 with 8310 points, and 204 pieces of gold, after 1635 moves. You were level 5 with a maximum of 42 hit points when you died.